Cogmind - Beta 12 @@@ ROGUE MODE // 2023.09.28 @ 20:51:16 Player: darki Result: Destroyed by Y-72 Warden with Quantum Rifle Performance ------------- Evolutions (7) 3500 Regions Visited (13) 2600 Robots Destroyed (180) 900 Value Destroyed (7802) 7802 Prototype IDs (14) 280 Alien Tech Used (2) 400 Bonus (947) 947 TOTAL SCORE: 16429 Bonus ------- High Alert Combat Kills 326 Follower Combat Kills 269 Entered DSFs 500 Friendly Fire -148 Cogmind --------- Core Integrity 0/1300 Matter 164/300 Energy 98/100 System Corruption 18% Temperature Cool (9) Movement Core (50) Location -3/Quarantine Parts ------- > --- POWER (3) -------- (None) > --- PROPULSION (3) --- (None) > --- UTILITY (12) ----- Experimental Signal Interpreter Advanced Terrain Scan Processor Advanced Target Analyzer > --- WEAPON (3) ------- (None) > --- INVENTORY (5) ---- High-capacity Storage Unit Subatomic Replicator Advanced Assault Cannon Heavy Linear Accelerator Peak State ------------ > --- POWER ------------ Micro Fission Core Light Antimatter Reactor Particle Reactor > --- PROPULSION ------- Medium Treads Improved Medium Treads Improved Medium Treads > --- UTILITY ---------- Advanced Heat Sink Advanced Heat Sink Advanced Heat Sink Advanced Heat Sink Advanced Cooling System High-capacity Storage Unit Advanced Targeting Computer Particle Charger Weapon Cycler Weapon Cycler Phase Shifter Hardened Light Armor Plating > --- WEAPON ----------- Advanced Plasma Cannon Heavy Linear Accelerator > --- INVENTORY -------- Fission Core Light Antimatter Reactor Light Treads Heavy Treads Heavy Treads Advanced Medium Treads Advanced Heat Sink Improved Field Recycling Unit Heavy Laser Heavy Beamcaster Advanced Plasma Cannon Matter Neutralizer Advanced Assault Cannon Advanced Assault Cannon Rocket Array Rocket Array Rocket Array Heavy Pick [Rating: 115] Favorites ----------- Power Light Angular Momentum Engine Engine Light Angular Momentum Engine Power Core Micro Fission Core Reactor Light Antimatter Reactor Propulsion Advanced Medium Treads Treads Advanced Medium Treads Leg Carbon-fiber Leg Utility Weapon Cycler Device Weapon Cycler Storage Large Storage Unit Processor Targeting Computer Hackware Authchip [Weapon] Protection Improved Medium Armor Plating Weapon Ion Burst Cannon Energy Gun Heavy EM Shotgun Energy Cannon Ion Burst Cannon Ballistic Gun Assault Rifle Ballistic Cannon Advanced Assault Cannon Launcher Rocket Array Piercing Weapon Heavy Pick Build | -11 -10 -10 -10 -9 -8 -7 -7 -6 -5 -5 -4 -3 -3 ------- Run | Jun Mat Min Exi Min Mat Fac DSF Fac Fac Ext Fac Res Qua Slots Evolved 14 | . . . . . 4 2 . 2 2 . 2 2 . Power 2 | . . . . . . . . . 1 . 1 . . Propulsion 1 | . . . . . . . . . . . . 1 . Utility 10 | . . . . . 3 2 . 2 1 . 1 1 . Weapon 1 | . . . . . 1 . . . . . . . . Parts Attached 192 | . 10 . 1 1 37 . 5 36 27 31 6 37 1 Power 19 | . 1 . . . 1 . . 3 3 4 3 4 . Engine 10 | . 1 . . . 1 . . 3 2 3 . . . Core 5 | . . . . . . . . . 1 1 2 1 . Reactor 4 | . . . . . . . . . . . 1 3 . Propulsion 30 | . 4 . . . 6 . 2 3 3 6 . 6 . Treads 27 | . 4 . . . 6 . 2 3 3 3 . 6 . Leg 3 | . . . . . . . . . . 3 . . . Wheel . | . . . . . . . . . . . . . . Hover . | . . . . . . . . . . . . . . Flight . | . . . . . . . . . . . . . . Utility 64 | . 3 . 1 1 8 . 2 18 11 4 3 12 1 Device 36 | . . . . . 3 . 1 9 7 4 3 9 . Storage 4 | . 1 . 1 . . . . . 2 . . . . Processor 9 | . 1 . . . 3 . . 1 1 . . 2 1 Hackware 2 | . . . . . . . . 2 . . . . . Protection 13 | . 1 . . 1 2 . 1 6 1 . . 1 . Artifact . | . . . . . . . . . . . . . . Weapon 79 | . 2 . . . 22 . 1 12 10 17 . 15 . Energy Gun 10 | . . . . . 4 . . . . 3 . 3 . Energy Cannon 34 | . 1 . . . 9 . . 8 4 10 . 2 . Ballistic Gun 3 | . 1 . . . 2 . . . . . . . . Ballistic Cannon 13 | . . . . . 4 . 1 2 1 . . 5 . Launcher 16 | . . . . . 3 . . 1 5 3 . 4 . Special Weapon . | . . . . . . . . . . . . . . Impact Weapon . | . . . . . . . . . . . . . . Slashing Weapon . | . . . . . . . . . . . . . . Piercing Weapon 3 | . . . . . . . . 1 . 1 . 1 . Special Melee Weapon . | . . . . . . . . . . . . . . Unidentified Prototypes 8 | . . . . . 2 . . 1 2 . . . 3 Parts Lost 77 | . . 1 . . 3 . . 11 7 7 3 45 . Power 11 | . . . . . . . . 1 1 1 2 6 . Propulsion 14 | . . . . . 1 . . 1 2 2 . 8 . Utility 36 | . . 1 . . 2 . . 7 4 1 1 20 . Weapon 16 | . . . . . . . . 2 . 3 . 11 . Highest Loss Streak 19 | . . 1 . . 1 . . 4 3 3 2 19 . To Critical Strikes . | . . . . . . . . . . . . . . Average Slot Usage (%) 90 | . 99 86 87 100 91 84 98 88 98 98 97 79 13 Engine 7 | . 14 14 14 14 8 7 7 5 8 8 3 . . Core 1 | . . . . . . . . . 2 2 8 4 . Treads 14 | . 27 28 28 28 18 15 15 13 10 8 10 10 . Device 25 | . . . . . 11 23 29 30 43 40 41 32 . Storage 8 | . 14 14 16 18 9 7 7 6 5 11 8 3 . Processor 4 | . 2 . . . 12 7 7 1 . 5 5 6 10 Protection 5 | . 10 . . 9 5 . 6 10 6 . . 1 . Energy Gun 1 | . 3 . . . 4 . . . . 1 . 2 . Energy Cannon 10 | . 5 14 14 14 15 7 1 8 12 14 15 3 . Ballistic Gun 2 | . 19 14 14 14 2 . . . . . . . . Ballistic Cannon 2 | . . . . . 2 15 21 3 1 . . 3 . Piercing Weapon 1 | . . . . . . . . 4 . . . . 2 Naked Turns . | . . . . . . . . . . . . . . Heaviest Build 128 | 14 36 33 53 53 48 47 58 77 92 100 109 128 3 Greatest Support 98 | 20 40 40 40 40 40 40 44 60 60 60 60 98 3 Greatest Overweight (x) 4 | . 1 . 1 1 1 1 1 1 2 4 1 1 . Average Overweight (x) . | . . . . . . 1 1 . 1 1 1 . . Largest Inventory Capacity 20 | . 15 15 15 15 15 15 15 15 20 20 20 20 5 Average Capacity 16 | . 14 15 15 15 15 15 15 15 15 20 20 19 5 Most Carried 20 | . 13 13 15 15 15 15 15 15 13 20 20 20 5 Average Carried 13 | . 8 13 14 15 14 15 14 12 10 15 19 15 5 Final Capacity 20 | 8 15 15 15 15 15 15 15 15 20 20 20 5 5 Final Carried 20 | 6 13 13 15 15 15 15 14 14 9 20 19 5 5 Class Distribution -------------------- 46% | Mutant 26% | Scavenger-Gunner 10% | Gunner 8% | Tank 6% | Scavenger-Mutant Dominant Class ---------------- Mutant | -10/Materials Mutant | -10/Mines Mutant | -10/Exiles Mutant | -9/Mines Gunner | -8/Materials Mutant | -7/Factory Scavenger-Gunner | -7/DSF Mutant | -6/Factory Tank | -5/Factory Scavenger-Gunner | -5/Extension Scavenger-Gunner | -4/Factory Scavenger-Gunner | -3/Research Mutant | -3/Quarantine Resources | -11 -10 -10 -10 -9 -8 -7 -7 -6 -5 -5 -4 -3 -3 ----------- Run | Jun Mat Min Exi Min Mat Fac DSF Fac Fac Ext Fac Res Qua Matter Collected 3914 | 200 266 23 . . 477 . 359 674 306 795 75 739 . Remotely . | . . . . . . . . . . . . . . Salvage Created 7848 | . 422 86 . . 1380 . 292 740 1064 1565 720 1579 . Parts 334 | . 28 3 . . 83 . 15 38 41 41 20 65 . Haulers Intercepted 11 | . 2 . . . 4 . . 1 1 2 . 1 . Recyclers Shooed 3 | . . . . . . . . . 1 1 . 1 . Parts Field Recycled . | . . . . . . . . . . . . . . Retrieved Matter . | . . . . . . . . . . . . . . Parts Self-Destructed . | . . . . . . . . . . . . . . Prevented . | . . . . . . . . . . . . . . Kills | -11 -10 -10 -10 -9 -8 -7 -7 -6 -5 -5 -4 -3 -3 ------- Run | Jun Mat Min Exi Min Mat Fac DSF Fac Fac Ext Fac Res Qua Combat Hostiles Destroyed 137 | . 7 2 . . 21 . 11 17 28 16 8 27 . Melee 5 | . . . . . . . . 5 . . . . . Guns 14 | . 4 . . . 6 . . . . 1 . 3 . Cannons 85 | . 3 2 . . 10 . 11 12 15 11 4 17 . AOE 21 | . . . . . 3 . . . 12 2 . 4 . Classes Destroyed 17 | . 4 . . . 7 . 2 3 . 1 . . . Worker 5 | . . . . . . . . 2 1 . . 2 . Builder 12 | . 1 . . . 6 . . . 1 . . 4 . Tunneler 1 | . . . . . 1 . . . . . . . . Hauler 11 | . 2 . . . 4 . . 1 1 2 . 1 . Recycler 6 | . . . . . 1 . . . . 3 1 1 . Operator 2 | . 1 . . . 1 . . . . . . . . Watcher 5 | . . . . . 3 . . . . 2 . . . Swarmer 25 | . . . . . 6 . 4 5 9 1 . . . Grunt 57 | . 7 2 . . 8 . 3 . 9 8 7 13 . Brawler 3 | . . . . . 1 . . 1 . . 1 . . Duelist 2 | . . . . . . . . 1 . 1 . . . Sentry 21 | . . . . . 5 . 2 3 4 3 . 4 . Specialist 1 | . . . . . . . 1 . . . . . . Hunter 9 | . . . . . 1 . . 3 2 1 . 2 . Programmer 16 | . . . . . . . . 4 4 . . 8 . Heavy 1 | . . . . . . . 1 . . . . . . Behemoth 2 | . . . . . . . . . . 2 . . . Savage 1 | . . . . . . . . . . 1 . . . Best Kill Streak 10 | . 2 2 . . 9 . 4 4 8 6 5 10 . Combat Bots Only 7 | . 2 2 . . 4 . 4 4 7 3 4 7 . Max Kills in Single Turn 5 | . 1 1 . . 2 . 1 2 5 3 2 5 . Gunslinging 1 | . . . . . 1 . . . . . . . . Exploded 4 | . . . . . 2 . . . 4 2 . 2 . Melee 1 | . . . . . . . . 1 . . . . . Uniques/NPCs Destroyed . | . . . . . . . . . . . . . . Combat | -11 -10 -10 -10 -9 -8 -7 -7 -6 -5 -5 -4 -3 -3 -------- Run | Jun Mat Min Exi Min Mat Fac DSF Fac Fac Ext Fac Res Qua Damage Taken 14101 | . 299 105 . . 1141 . 580 1952 1671 1306 439 6333 275 Core 2042 | . 55 27 . . 136 . 65 166 138 83 50 1049 273 Absorbed by Shields 89 | . . . . . . . 89 . . . . . . Reduced by Siege Mode 156 | . . . . . . . . . . . . 156 . Redirected to Shielding 29 | . . . . . . . . 29 . . . . . Core Remaining (%) 83 | 100 . . . 67 75 . 90 80 . 77 95 . . Volleys Fired 345 | . 37 6 . . 67 . 24 43 43 39 15 71 . Largest 3 | . 2 2 . . 3 . 3 3 3 3 3 3 . Hottest 294 | . 88 88 . . 204 . 160 275 290 294 294 249 . Shots Fired 821 | . 75 12 . . 167 . 66 85 115 106 45 150 . Gun 208 | . 63 6 . . 74 . . . . 30 . 35 . Cannon 596 | . 12 6 . . 91 . 66 83 111 72 45 110 . Launcher 17 | . . . . . 2 . . 2 4 4 . 5 . Special . | . . . . . . . . . . . . . . Kinetic 247 | . 53 6 . . 39 . 65 23 4 . . 57 . Thermal 502 | . 12 6 . . 81 . 1 60 107 102 45 88 . Explosive 17 | . . . . . 2 . . 2 4 4 . 5 . Electromagnetic 55 | . 10 . . . 45 . . . . . . . . Robot Hit Streak 23 | . 19 13 . . 15 . 15 12 7 15 15 23 . Robot Miss Streak 11 | . 2 1 . . 5 . 11 8 9 7 1 2 . Penetration Max 1 | . . . . . . . . . . . . 1 . Secondary Targets 4 | . 1 . . . 2 . . . . . . 1 . Max Gunslinging Chain 1 | . 1 . . . 1 . . . . . . 1 . Shots Hit Robots 595 | . 52 8 . . 113 . 48 72 76 76 37 113 . Core Hits 422 | . 18 3 . . 55 . 48 43 83 59 17 96 . Critical Kills 6 | . . . . . 1 . . . 1 1 1 2 . Critical Parts Destroyed 1 | . 1 . . . . . . . . . . . . Critical Strikes 21 | . 1 . . . 1 . 1 2 1 3 1 11 . Burn 6 | . . . . . . . . . . 2 . 4 . Meltdown 6 | . . . . . 1 . . . 1 1 1 2 . Destroy 1 | . 1 . . . . . . . . . . . . Blast 6 | . . . . . . . 1 . . . . 5 . Impale 2 | . . . . . . . . 2 . . . . . Melee Attacks 35 | . . . . . . . . 31 . 1 . . 3 Impact . | . . . . . . . . . . . . . . Slashing . | . . . . . . . . . . . . . . Piercing 35 | . . . . . . . . 31 . 1 . . 3 Sneak Attacks 1 | . . . . . . . . 1 . . . . . Combat Hostiles . | . . . . . . . . . . . . . . Follow-up Attacks . | . . . . . . . . . . . . . . Damage Inflicted 22232 | . 755 145 . . 2598 . 976 2288 3921 3598 1730 6204 17 Guns 2960 | . 587 22 . . 1010 . . . . 770 . 571 . Cannons 14890 | . 162 123 . . 1220 . 976 1806 2611 2271 1403 4318 . Explosions 3937 | . . . . . 368 . . 81 1310 556 327 1295 . Melee 401 | . . . . . . . . 401 . . . . . Ramming 44 | . 6 . . . . . . . . 1 . 20 17 Kinetic 4777 | . 471 22 . . 392 . 956 302 28 . . 2606 . Thermal 12383 | . 162 123 . . 1264 . 20 1504 2583 3041 1403 2283 . Explosive 3531 | . . . . . 187 . . 81 1258 556 154 1295 . Electromagnetic 1096 | . 116 . . . 755 . . . 52 . 173 . . Impact . | . . . . . . . . . . . . . . Slashing . | . . . . . . . . . . . . . . Piercing 401 | . . . . . . . . 401 . . . . . Highest Corruption 18 | . 1 1 1 1 . . . 9 2 5 . 18 18 Average Corruption 4 | . 1 1 1 1 . . . 8 1 3 . 6 18 Corruption Purged . | . . . . . . . . . . . . . . Corruption Blocked . | . . . . . . . . . . . . . . Effects 127 | . 5 . 2 1 . . . 49 7 30 . 28 5 Message Errors 27 | . . . . . . . . 14 . 6 . 7 . Matter Fused 29 | . 2 . 1 . . . . 12 3 5 . 5 1 Heat Flow Errors 9 | . . . 1 1 . . . 2 . 3 . 2 . Energy Discharges 20 | . . . . . . . . 6 3 5 . 5 1 Parts Rejected 2 | . . . . . . . . . . . . 1 1 Data Loss (minor) 18 | . 1 . . . . . . 10 1 3 . 2 1 Data Loss (major) 10 | . 1 . . . . . . 3 . 3 . 2 1 Misfires 3 | . 1 . . . . . . . . 1 . 1 . Alerts 3 | . . . . . . . . . . 3 . . . Weapon Failures 6 | . . . . . . . . 2 . 1 . 3 . Overload Shots . | . . . . . . . . . . . . . . Overflow Damage 479 | . . . . . . . . 26 39 13 38 363 . Projectiles 412 | . . . . . . . . 26 . 7 31 348 . Explosions 67 | . . . . . . . . . 39 6 7 15 . Melee . | . . . . . . . . . . . . . . Knockbacks 42 | . . . . . 1 . 14 7 . . . 19 1 Impact 1 | . . . . . . . . . . . . . 1 Kinetic 38 | . . . . . 1 . 13 7 . . . 17 . Secondary 3 | . . . . . . . 1 . . . . 2 . Self-Inflicted Damage 522 | . . . . . 61 . . 74 112 27 . 240 8 Shots 21 | . . . . . 2 . . 2 6 2 . 9 . Rammed 9 | . 1 . . . . . . . . 1 . 4 3 Targets Rammed 9 | . 1 . . . . . . . . 1 . 4 3 Kicked . | . . . . . . . . . . . . . . Crushed . | . . . . . . . . . . . . . . Highest Temperature 466 | . 168 264 185 279 408 . 88 323 354 218 466 102 . Average Temperature 108 | . 49 139 95 171 123 . 25 104 114 71 227 20 . Received Heat Transfer 2538 | . 159 63 . . 459 . 69 120 336 192 120 912 108 Effects 15 | . . . . . 8 . . 1 2 . 4 . . Shutdowns 4 | . . . . . 1 . . . 1 . 2 . . Energy Bleed 5 | . . . . . 3 . . 1 1 . . . . Interference 4 | . . . . . 4 . . . . . . . . Damage (minor) 2 | . . . . . . . . . . . 2 . . Siege Activations 4 | . . . . . . . . . . . . 4 . Total Turns 81 | . . . . . . . . . . . . 81 . Longest Duration 34 | . . . . . . . . . . . . 34 . Robots Corrupted 2 | . . . . . 2 . . . . . . . . Combat Hostiles 1 | . . . . . 1 . . . . . . . . Parts Fried 7 | . . . . . 5 . . . . . 2 . . Impact Corruptions . | . . . . . . . . . . . . . . Robots Melted 12 | . . . . . 1 . . . 1 3 4 3 . Combat Hostiles 11 | . . . . . 1 . . . 1 2 4 3 . Parts Melted 38 | . . 1 . . 5 . . 6 5 6 10 5 . Heat Transferred 16422 | . 296 222 . . 2124 . 37 1881 3075 3507 1900 3380 . Parts Sabotaged 3 | . . . . . . . . . 3 . . . . Parts Stolen . | . . . . . . . . . . . . . . Parts Stripped . | . . . . . . . . . . . . . . Power Chain Reactions 3 | . . . . . 3 . . . . . . . . Missiles Intercepted . | . . . . . . . . . . . . . . Alert | -11 -10 -10 -10 -9 -8 -7 -7 -6 -5 -5 -4 -3 -3 ------- Run | Jun Mat Min Exi Min Mat Fac DSF Fac Fac Ext Fac Res Qua Peak Influence 733 | . 151 45 . . 416 167 386 374 715 733 439 323 271 Initial 339 | . . 5 . . . 167 116 202 24 339 192 125 181 Average 221 | . 42 42 . . 223 167 267 126 423 428 256 181 215 Maximum Alert Level 3 | . . . . . 2 . 1 1 3 3 2 1 1 Low Security (%) 53 | . 100 100 . 100 37 100 37 83 27 . 34 53 38 Level 1 32 | . . . . . 57 . 62 16 20 49 52 46 61 Level 2 12 | . . . . . 5 . . . 43 49 13 . . Level 3 1 | . . . . . . . . . 8 . . . . Level 4 . | . . . . . . . . . . . . . . Level 5 . | . . . . . . . . . . . . . . High Security . | . . . . . . . . . . . . . . Max Security . | . . . . . . . . . . . . . . Sterilizations 1 | . . . . . . . 1 . . . . . . Squads Dispatched 37 | . 3 . . . 1 . 1 9 10 3 . 9 1 Investigation 3 | . 2 . . . . . . . . . . 1 . Extermination 8 | . . . . . . . . 4 2 . . 2 . Reinforcement 14 | . 1 . . . 1 . 1 2 4 2 . 2 1 Assault 2 | . . . . . . . . . 1 1 . . . Garrison 10 | . . . . . . . . 3 3 . . 4 . Intercept . | . . . . . . . . . . . . . . Searches Triggered . | . . . . . . . . . . . . . . Construction Impeded 5 | . . . . . . . . 1 1 2 . 1 . Haulers Reinforced 3 | . . . . . . . . . 3 . . . . Active Scanning Responses . | . . . . . . . . . . . . . . Cargo Convoy Interrupts . | . . . . . . . . . . . . . . Stealth | -11 -10 -10 -10 -9 -8 -7 -7 -6 -5 -5 -4 -3 -3 --------- Run | Jun Mat Min Exi Min Mat Fac DSF Fac Fac Ext Fac Res Qua Distress Signals 9 | . 1 . . . 2 . . 1 . 2 . 3 . Communications Jammed . | . . . . . . . . . . . . . . Distress Signals . | . . . . . . . . . . . . . . Times Spotted 199 | . 12 1 . . 29 . 12 24 32 29 8 45 7 Peak Tracking Total 8 | . 2 1 . . 3 . 4 4 6 6 4 8 6 Tactical Retreats 9 | . . . . . 1 . 1 . 1 3 . 3 . Traps | -11 -10 -10 -10 -9 -8 -7 -7 -6 -5 -5 -4 -3 -3 ------- Run | Jun Mat Min Exi Min Mat Fac DSF Fac Fac Ext Fac Res Qua Traps Triggered 14 | . 3 . . . 3 . 2 3 . 1 . 2 . Indirectly . | . . . . . . . . . . . . . . Trap Hack Attempts . | . . . . . . . . . . . . . . Triggered . | . . . . . . . . . . . . . . Disarmed . | . . . . . . . . . . . . . . Reprogrammed . | . . . . . . . . . . . . . . Reused . | . . . . . . . . . . . . . . Traps Extracted . | . . . . . . . . . . . . . . Installed . | . . . . . . . . . . . . . . Triggered . | . . . . . . . . . . . . . . Exploded 1 | . . . . . 1 . . . . . . . . Machines | -11 -10 -10 -10 -9 -8 -7 -7 -6 -5 -5 -4 -3 -3 ---------- Run | Jun Mat Min Exi Min Mat Fac DSF Fac Fac Ext Fac Res Qua Machines Disabled 18 | . . . . . 1 . 1 3 7 . 4 . 2 Max in Single Turn 4 | . . . . . 1 . 1 2 4 . 4 . 1 Garrison Access 1 | . . . . . . . . . 1 . . . . Machines Repaired . | . . . . . . . . . . . . . . Machines Sabotaged . | . . . . . . . . . . . . . . Overloaded Fab Kills . | . . . . . . . . . . . . . . Hacking | -11 -10 -10 -10 -9 -8 -7 -7 -6 -5 -5 -4 -3 -3 --------- Run | Jun Mat Min Exi Min Mat Fac DSF Fac Fac Ext Fac Res Qua Machines Accessed 34 | . 5 . . . 8 1 . 8 3 6 2 . 1 Terminals 29 | . 5 . . . 8 1 . 4 2 6 2 . 1 Fabricators 3 | . . . . . . . . 3 . . . . . Repair Stations . | . . . . . . . . . . . . . . Recycling Units . | . . . . . . . . . . . . . . Scanalyzers 1 | . . . . . . . . 1 . . . . . Garrison Access 1 | . . . . . . . . . 1 . . . . Total Hacks 63 | . 13 . . . 18 1 . 15 5 8 2 . 1 Successful 33 | . 4 . . . 8 1 . 10 2 5 2 . 1 Failed 30 | . 9 . . . 10 . . 5 3 3 . . . Catastrophic 3 | . 2 . . . 1 . . . . . . . . Database Lockouts . | . . . . . . . . . . . . . . Manual 6 | . 3 . . . . . . 1 . 2 . . . Terminals 51 | . 13 . . . 18 1 . 4 4 8 2 . 1 Fabricators 9 | . . . . . . . . 9 . . . . . Repair Stations . | . . . . . . . . . . . . . . Recycling Units . | . . . . . . . . . . . . . . Scanalyzers 2 | . . . . . . . . 2 . . . . . Garrison Access 1 | . . . . . . . . . 1 . . . . Terminal Hacks 25 | . 4 . . . 8 1 . 2 2 5 2 . 1 Record 1 | . . . . . . . . . . . . . 1 Prototype ID Bank 5 | . 2 . . . 2 . . 1 . . . . . Open Door 4 | . . . . . . . . . 1 3 . . . Open DSF 1 | . . . . . . 1 . . . . . . . Branch Access Points 2 | . . . . . 1 . . . 1 . . . . Terminal Index 1 | . 1 . . . . . . . . . . . . Alert Level 1 | . . . . . . . . . . . 1 . . Unreport Threat 5 | . . . . . 2 . . 1 . 2 . . . Dispatch Records 1 | . . . . . . . . . . . 1 . . Hauler Manifests 3 | . 1 . . . 2 . . . . . . . . Registered Prototypes 1 | . . . . . 1 . . . . . . . . Fabricator Hacks 6 | . . . . . . . . 6 . . . . . Network Status 1 | . . . . . . . . 1 . . . . . Load Schematic 2 | . . . . . . . . 2 . . . . . Build 3 | . . . . . . . . 3 . . . . . Repair Station Hacks . | . . . . . . . . . . . . . . Recycling Unit Hacks . | . . . . . . . . . . . . . . Scanalyzer 2 | . . . . . . . . 2 . . . . . Insert Component 1 | . . . . . . . . 1 . . . . . Analyze 1 | . . . . . . . . 1 . . . . . Garrison Access Hacks . | . . . . . . . . . . . . . . Unauthorized Hacks . | . . . . . . . . . . . . . . Terminals . | . . . . . . . . . . . . . . Fabricators . | . . . . . . . . . . . . . . Repair Stations . | . . . . . . . . . . . . . . Recycling Units . | . . . . . . . . . . . . . . Scanalyzers . | . . . . . . . . . . . . . . Garrison Access . | . . . . . . . . . . . . . . Data Cores Recovered 2 | . 1 . . . 1 . . . . . . . . Used . | . . . . . . . . . . . . . . Hacking Detections 22 | . 5 . . . 5 . . 5 2 4 1 . . Full Trace Events 1 | . 1 . . . . . . . . . . . . Feedback Events . | . . . . . . . . . . . . . . Feedback Blocked . | . . . . . . . . . . . . . . Robot Schematics Acquired . | . . . . . . . . . . . . . . Robots Built . | . . . . . . . . . . . . . . Authchips . | . . . . . . . . . . . . . . Time . | . . . . . . . . . . . . . . Total Robot Build Rating . | . . . . . . . . . . . . . . Part Schematics Acquired 1 | . . . . . . . . 1 . . . . . Parts Built 2 | . . . . . . . . 2 . . . . . Authchips 2 | . . . . . . . . 2 . . . . . Time 258 | . . . . . . . . 258 . . . . . Total Part Build Rating 10 | . . . . . . . . 10 . . . . . Parts Repaired . | . . . . . . . . . . . . . . Time . | . . . . . . . . . . . . . . Parts Recycled . | . . . . . . . . . . . . . . Recycled Matter . | . . . . . . . . . . . . . . Retrieved Matter . | . . . . . . . . . . . . . . Retrieved Components . | . . . . . . . . . . . . . . Parts Scanalyzed 1 | . . . . . . . . 1 . . . . . Part Schematics Acquired 1 | . . . . . . . . 1 . . . . . Parts Damaged . | . . . . . . . . . . . . . . Bothacking | -11 -10 -10 -10 -9 -8 -7 -7 -6 -5 -5 -4 -3 -3 ------------ Run | Jun Mat Min Exi Min Mat Fac DSF Fac Fac Ext Fac Res Qua Used RIF Installer . | . . . . . . . . . . . . . . Robots Hacked . | . . . . . . . . . . . . . . Non-combat . | . . . . . . . . . . . . . . Combat . | . . . . . . . . . . . . . . Robot Hacks Applied . | . . . . . . . . . . . . . . Relay Couplers Released 5 | . . . . . . . . . 2 . . 3 . Machine Destruction 2 | . . . . . . . . . 2 . . . . Programmers 3 | . . . . . . . . . . . . 3 . Fabnet Peak Effective % . | . . . . . . . . . . . . . . Robots Rewired 7 | . . . . . . . . . . 7 . . . Allies Hacked . | . . . . . . . . . . . . . . Hacks Repelled . | . . . . . . . . . . . . . . Allies | -11 -10 -10 -10 -9 -8 -7 -7 -6 -5 -5 -4 -3 -3 -------- Run | Jun Mat Min Exi Min Mat Fac DSF Fac Fac Ext Fac Res Qua Total Allies 10 | . . . . . . . . . . 10 . . . Largest Group 6 | . . . . . . . . . . 6 . . . Highest-Rated Group 176 | . . . . . . . . . . 176 . . . Highest-Rated Ally 39 | . . . . . . . . . . 39 . . . Total Orders . | . . . . . . . . . . . . . . Ally Attacks 70 | . . . . . . . . . . 70 . . . Total Damage 1120 | . . . . . . . . . . 1120 . . . Kills 12 | . . . . . . . . . . 12 . . . Allies Corrupted . | . . . . . . . . . . . . . . Allies Melted . | . . . . . . . . . . . . . . Intel | -11 -10 -10 -10 -9 -8 -7 -7 -6 -5 -5 -4 -3 -3 ------- Run | Jun Mat Min Exi Min Mat Fac DSF Fac Fac Ext Fac Res Qua Robot Analysis Total . | . . . . . . . . . . . . . . Derelict Logs Recovered . | . . . . . . . . . . . . . . Drone Launches . | . . . . . . . . . . . . . . Drone Recoveries . | . . . . . . . . . . . . . . Exploration | -11 -10 -10 -10 -9 -8 -7 -7 -6 -5 -5 -4 -3 -3 ------------- Run | Jun Mat Min Exi Min Mat Fac DSF Fac Fac Ext Fac Res Qua Turns Passed 9644 | . 925 148 382 61 1417 37 288 2436 1089 1135 482 1108 136 Spaces Moved 3816 | 1 457 81 224 25 459 16 86 943 377 313 175 439 220 Core 345 | . . . . . . . . . . . . 125 220 Treads 3446 | . 450 81 224 25 459 16 86 943 377 296 175 314 . Legs 25 | 1 7 . . . . . . . . 17 . . . Wheels . | . . . . . . . . . . . . . . Hover . | . . . . . . . . . . . . . . Flight . | . . . . . . . . . . . . . . Fastest Speed 50 | 120 120 160 160 160 160 245 225 145 225 225 240 50 50 Average Speed 195 | 120 159 160 170 182 223 245 241 199 225 264 240 182 50 Slowest Speed 480 | 120 190 160 240 240 245 245 245 225 305 480 240 240 50 Overloaded Moves . | . . . . . . . . . . . . . . Propulsion Burnouts . | . . . . . . . . . . . . . . Robots Hopped . | . . . . . . . . . . . . . . Cave-ins Triggered 1 | . . . . . . . . . . 1 . . . Exploration Rate (%) 29 | 2 68 21 59 7 45 1 64 26 10 44 8 20 32 Regions Visited 13 Branch Regions 5 Pre-discovered Areas 1 | . . 1 . . . . . . . . . . . Known Exits Taken 2 | . . . . . . 1 . . 1 . . . . Unknown Exits Taken 10 | 1 1 1 1 1 1 . . 1 . 1 1 1 . Scrap Searched . | . . . . . . . . . . . . . . Spaces Dug 83 | . . . . . 1 . . 9 . 70 . 3 . Terrain Destroyed 349 | . . . . . 29 . . 41 83 138 14 44 . Melee 10 | . . . . . . . . 9 . 1 . . . Projectile 57 | . . . . . 1 . . 2 15 18 4 17 . AOE 282 | . . . . . 28 . . 30 68 119 10 27 . Terrain Rammed . | . . . . . . . . . . . . . . Walls Destroyed . | . . . . . . . . . . . . . . Machines Disabled . | . . . . . . . . . . . . . . Actions | -11 -10 -10 -10 -9 -8 -7 -7 -6 -5 -5 -4 -3 -3 --------- Run | Jun Mat Min Exi Min Mat Fac DSF Fac Fac Ext Fac Res Qua Total 5305 | . 577 88 228 41 716 15 142 1366 513 552 219 609 239 Wait 685 | . 57 2 . 15 115 . 13 290 56 74 18 37 8 Move 3802 | . 456 80 223 24 458 15 85 942 376 311 174 438 220 Hop . | . . . . . . . . . . . . . . Pick Up 71 | . 8 . 3 . 14 . 4 9 4 14 4 10 1 Fast Attach 74 | . 4 . 1 1 11 . 2 20 7 11 2 12 3 Attach 54 | . . . . . 4 . . 8 9 6 4 23 . Detach 14 | . 1 . . . 1 . 1 3 . 3 . 5 . Swap 66 | . 6 . . . 22 . 3 8 11 14 . 2 . Drop 80 | . 7 . 1 1 24 . 8 12 7 10 2 7 1 Fire 345 | . 37 6 . . 67 . 24 43 43 39 15 71 . Melee 35 | . . . . . . . . 31 . 1 . . 3 Ram 3 | . . . . . . . . . . . . . 3 Kick . | . . . . . . . . . . . . . . Crush 6 | . 1 . . . . . . . . 1 . 4 . Escape Stasis 2 | . . . . . . . 1 . . 1 . . . Rewire 68 | . . . . . . . 1 . . 67 . . . Trap . | . . . . . . . . . . . . . . Miscellaneous . | . . . . . . . . . . . . . . Route ------- -11/Junkyard -10/Materials (discovered 3 exits: [*Mat x2] / [*Min]) -10/Mines -10/Exiles -9/Mines -8/Materials -7/Factory -7/DSF -6/Factory -5/Factory (discovered 4 exits: Upp x2 / *Ext x2) -5/Extension -4/Factory -3/Research -3/Quarantine History --------- Turn | Location | Event 1 | -11/Junkyard | Discovered new exit (range 0) 1 | -11/Junkyard | Entered Materials 311 | -10/Materials | Build established: Mutant 350 | -10/Materials | Discovered new exit (range 5) 443 | -10/Materials | Discovered new exit (range 14) 883 | -10/Materials | Discovered new exit (range 6) 926 | -10/Materials | Entered Mines 928 | -10/Mines | Met a Derelict bent on vengeance 1046 | -10/Mines | Learned location of Storage (-7) 1066 | -10/Mines | Deemed a non-threat by the Exiles lab entrance 1066 | -10/Mines | Discovered new exit (range 5) 1074 | -10/Mines | Entered Exiles 1074 | -10/Exiles | Found Exiles lab abandoned 1427 | -10/Exiles | Discovered new exit (range 14) 1456 | -10/Exiles | Entered Mines 1456 | -9/Mines | Discovered new exit (range 14) 1457 | -9/Mines | Assembled infested the area 1517 | -9/Mines | Entered Materials 1517 | -8/Materials | Evolved 4 slots: Utility x3, Weapon x1 2126 | -8/Materials | Build established: Gunner 2440 | -8/Materials | Discovered new exit (range 5) 2934 | -8/Materials | Entered Factory 2934 | -7/Factory | Evolved 2 slots: Utility x2 2971 | -7/Factory | Identified exit to DSF 2971 | -7/Factory | Entered DSF 3050 | -7/DSF | Additional patrols routed to DSF 3092 | -7/DSF | Discovered new exit (range 14) 3161 | -7/DSF | Sterilization system engaged 3181 | -7/DSF | Ambient heat levels rising (+10) 3196 | -7/DSF | Ambient heat levels rising (+10) 3211 | -7/DSF | Ambient heat levels rising (+10) 3226 | -7/DSF | Ambient heat levels rising (+10) 3241 | -7/DSF | Ambient heat levels rising (+10) 3256 | -7/DSF | Ambient heat levels rising (+10) 3259 | -7/DSF | Entered Factory 3259 | -6/Factory | Evolved 2 slots: Utility x2 3537 | -6/Factory | Lost 4 parts (1p1n1u1w) 3680 | -6/Factory | Build established: Mutant 4443 | -6/Factory | Lost 3 parts (3u) 4510 | -6/Factory | Fabricated Ion Burst Cannon (x1) 4593 | -6/Factory | Fabricated Ion Burst Cannon (x1) 4899 | -6/Factory | Garrison activated, responded to threat 5106 | -6/Factory | Discovered new exit (range 13) 5695 | -6/Factory | Entered another Factory area 5695 | -5/Factory | Evolved 2 slots: Power x1, Utility x1 5888 | -5/Factory | Build established: Tank 5967 | -5/Factory | Found Prototype Launcher 5967 | -5/Factory | Identified Rocket Array 5974 | -5/Factory | Found Rocket Array 5977 | -5/Factory | Found Rocket Array 6023 | -5/Factory | Garrison activated, responded to threat 6026 | -5/Factory | Destroyed 7 combat bots 6297 | -5/Factory | Lost 3 parts (1n2u) 6525 | -5/Factory | Identified exit to Upper Caves 6525 | -5/Factory | Identified exit to Extension 6784 | -5/Factory | Entered Extension 6905 | -5/Extension | Rescued a captive Derelict 6905 | -5/Extension | Rescued a captive Derelict 7084 | -5/Extension | First assault squad dispatched 7126 | -5/Extension | Build established: Scavenger-Gunner 7261 | -5/Extension | Crushed by falling debris 7325 | -5/Extension | Rescued a captive Derelict 7717 | -5/Extension | Spotted B-75 Beast 7748 | -5/Extension | Destroyed B-75 Beast 7761 | -5/Extension | Spotted B-75 Beast 7775 | -5/Extension | Destroyed B-75 Beast 7827 | -5/Extension | Lost 3 parts (1p1u1w) 7909 | -5/Extension | Disrupted transfer network 7911 | -5/Extension | Discovered new exit (range 3) 7919 | -5/Extension | Entered Factory 7919 | -4/Factory | Evolved 2 slots: Power x1, Utility x1 8343 | -4/Factory | Discovered new exit (range 15) 8401 | -4/Factory | Entered Research 8401 | -3/Research | Evolved 2 slots: Propulsion x1, Utility x1 8951 | -3/Research | Destroyed 7 combat bots 8959 | -3/Research | Lost 11 parts (1p3n6u1w) 9126 | -3/Research | System corruption reached 10% 9131 | -3/Research | Garrison activated, responded to threat 9155 | -3/Research | Lost 5 parts (1p3u1w) 9290 | -3/Research | Lost 5 parts (1p1n1u2w) 9428 | -3/Research | Garrison activated, responded to threat 9436 | -3/Research | Core integrity fell below 50% 9479 | -3/Research | Lost 19 parts (2p3n8u6w) 9490 | -3/Research | Core integrity fell below 20% 9504 | -3/Research | Discovered new exit (range 6) 9509 | -3/Research | Entered Quarantine 9524 | -3/Quarantine | Found Alien Artifact 9524 | -3/Quarantine | Identified Subatomic Replicator 9567 | -3/Quarantine | Found Alien Artifact 9567 | -3/Quarantine | Identified Terrabomb 9567 | -3/Quarantine | Used Terrabomb 9592 | -3/Quarantine | Found Prototype Processor 9592 | -3/Quarantine | Identified Exp. Signal Interpreter 9645 | -3/Quarantine | Destroyed by Y-72 Warden with Quantum Rifle Last Messages --------------- 09562_ Suspension Chamber breached. 09567_ Acquired Alien Artifact. 09567_ Identified Terrabomb. 09567_ Terrabomb activated. 09572_ System corrupted: Substantial component data lost. 09588_ U-05 Engineer builds a Wall. 09588_ O-32 Director: "IFF HANDSHAKE FAILED. SECURING TERMINAL." 09589_ System corrupted: Hvy. Pick rejected. 09592_ Acquired Prototype Processor. 09592_ Identified Exp. Signal Interpreter. 09594_ ALERT: Hostiles spotted, dispatching reinforcements to Terminal Q007. 09604_ System corrupted: Component data lost. 09612_ Slammed into K-01 Serf. 09612_ K-01 Serf knocked back. 09612_ Destabilizing: Core damaged (-13). 09626_ Slammed into R-10 Processor. 09628_ System corrupted: Matter fused (-7). 09629_ Slammed into W-44 Eye. 09644_ Slug penetrates Wall. Map ----- +----------------------------------------------------+ | " """ " " " """T""" # ^ """ """ "" | | " "" " " " """ """ " """ """ "" | | " " " " | | " " " " | | """""""""""" " """ """ " | | " """ """ + #### ###### | | " """ """ " #??# #????? | | " " #??# #????? | | """""""""""""##"#" #??####?????? | | " " #???????????? | | " """ """ " #??????????? | | " """ """ " #??????????? | | " """ """ + #??????????## | | " """ """ # ###/######?????????# | | " """ """ # # #?????????# | | " # # " #?????????# | | ?? " ###### " " #?????????# | | ????""""""#########????# """ #???####### | | ???????????????????????# """ " #???# # | | ???????????????????????# !"" ##### # | | ???????????????????????# T " + # | | ??????????????????###### " ##### # | | ??????????????????# Y ## #???# # | | ??????????????????# Y############??### ### | | ???????# ###### ###### #????# #?? | | ???????# @ ###### ### | | ????# | | ??????## ########## | | ???????# ############### #????????? | | ???????####????????????????#######????????? | | ??????????????????????????????????????????? | | | | | | | | | | | | | | | | | | | | | | | | | | | | | | | | | | | | | | | +----------------------------------------------------+ Best States ------------- Heat Dissipation 179 Energy Generation 51 Energy Capacity 500 Matter Stores 600 Matter Capacity 600 Sight Range 16 Terrain Scan Density 210 Power Amplification 20 Armor Coverage 600 Resistance: KI 20 Resistance: TH 20 Core Shielding 30 Weapon Cycling 30 Phase Shifting 5 Evasion (%) 50 Targeting Accuracy 15 Target Analysis 8 Recoil Reduction 3 Energy Filtering 30 Particle Charging 15 Authchip Count 2 Item Schematics ----------------- Ion Burst Cannon | -6/Factory | Scanalyzed Robot Schematics ------------------ None Fabricated ------------ Ion Burst Cannon | x1 | -6/Factory | Authchip Ion Burst Cannon | x1 | -6/Factory | Authchip Alien Tech Used ----------------- Subatomic Replicator Terrabomb Achievements -------------- None Challenges ------------ None Game ------ Seed MiningPortableDrive Manual? 0 Play Time 01:28:00 Cumulative 141.5 hours Start 2023.05.28 @ 20:18:28 End 2023.09.28 @ 20:51:16 Sessions 6 Manual Loads 0 Difficulty Rogue Special Mode None Game No. 154 Rogue 154 Adventurer 0 Explorer 0 Win Type - Total 0 Types 0/0/0/0/0/0/0/0/0 Lore% 53 Gallery% 69 Achievement% 53 Wizard Run 0 Options --------- ASCII 0 Keyboard 0 Movement Mouse Keybinds 0 Fullscreen 1 Font 18/SmallcapsGlow Map View 76x50 Tactical HUD 1 Map Filters NONE Filters NONE Steam 1 RUN: e6b2f216-6dcd-49f5-9976-159f30bbbaf2